 Dungeon Crawl Stone Soup version 0.31.0-9-g3a7656b989 (webtiles) character file.

Game seed: 20775202387004273

22 qw the Shooter (level 2, 0/16 HPs)
             Began as a Deep Elf Hunter on Feb 2, 2024.
             Succumbed to an adder's poison
             ... on level 2 of the Dungeon.
             The game lasted 00:00:02 (927 turns).

qw the Shooter (Deep Elf Hunter)                     Turns: 927, Time: 00:00:03

Health: 0/16       AC:  6    Str:  8    XL:     2   Next: 68%
Magic:  4/4        EV:  8    Int: 13    God:
Gold:   46         SH:  0    Dex: 18    Spells: 1/1 levels left

rFire   . . .        a - +0 shortbow
rCold   . . .        (shield currently unavailable)
rNeg    . . .        f - +0 scale mail
rPois   .            (no helmet)
rElec   .            (no cloak)
rCorr   .            (no gloves)
SInv    .            (no boots)
Will    .....        (no amulet)
Stlth   +            (no ring)
HPRegen 0.22/turn    (no ring)
MPRegen 0.09/turn

%: no passive effects
@: lethally poisoned (0 -> -5)
A: no striking features
a: no special abilities


You were on level 2 of the Dungeon.
You visited 1 branch of the dungeon, and saw 2 of its levels.

You collected 46 gold pieces.


   Skills:
 - Level 1.5 Fighting
 + Level 6.4 Ranged Weapons
 - Level 2.4 Dodging
 - Level 1.2 Stealth


You had one spell level left.
You didn't know any spells.
Your spell library was empty.

Inventory:

Hand Weapons
 a - a +0 shortbow (weapon)
Armour
 b - a +0 ring mail
 f - a +0 scale mail (worn)
Potions
 d - 3 potions of haste
 g - a potion of magic {unknown}
 h - a potion of degeneration {unknown}
 j - a potion of invisibility {unknown}
 l - a potion of enlightenment {unknown}

Dungeon Overview and Level Annotations

Branches:
Dungeon (2/15)

Altars:


Message History

You see here 3 stones.
You open the door.
There is an open door here.
You see here a +0 robe.
There is a stone staircase leading down here.
You climb downwards.
The endoplasm quivers.
There is a stone staircase leading up here.
An endoplasm is nearby!
Waypoint 1 assigned to D:2.
You shoot an arrow. The arrow hits the endoplasm!
You kill the endoplasm!
Found a stone staircase leading up.
Found a stone staircase leading down.
You now have 39 gold pieces (gained 11).
You now have 46 gold pieces (gained 7).
Found a hand axe.
b - a +0 ring mail
d - 3 potions of haste (gained 2)
You see here a +0 hand axe.
An adder comes into view.
The adder hisses angrily.
You shoot an arrow. The arrow barely misses the adder.
The adder bites you.
You are poisoned.
The adder poisons you! The adder bites you but does no damage.
You shoot an arrow. The arrow closely misses the adder.
You feel sick. The adder barely misses you.
The adder bites you but does no damage.
You shoot an arrow. The arrow misses the adder.
You feel sick. The adder bites you. The adder barely misses you.
You shoot an arrow. The arrow misses the adder.
You feel sick. The adder closely misses you. The adder bites you.
You are lethally poisoned!
The adder poisons you!
You shoot an arrow. The arrow hits the adder.
The adder is lightly wounded.
You feel very sick. The adder closely misses you.
The adder bites you but does no damage.
You shoot an arrow. The arrow misses the adder.
You die...

..# #.....# #.#..##.#.#
..######.###.####.#..####.#
............>.....#)......#
###......###.######.#######
......<...........#.#
###.....####.####.#.#
........# #......#.#
####....# #..#####.# ######
#..#.@...# #..#S##### #..#.
#..#. #.##. #. #. #.


You could see an adder.

Vanquished Creatures
  An endoplasm (D:2)
  A giant cockroach (D:1)
  2 kobolds (D:1)
  2 quokkas (D:1)
  3 ball pythons (D:1)
  5 bats (D:1)
  2 frilled lizards (D:1)
  5 goblins (D:1)
  2 rats (D:1)
23 creatures vanquished.

Notes
Turn   | Place    | Note
-------+----------+-------------------------------------------
     0 | D:1      | qw the Deep Elf Hunter began the quest for the Orb.
     0 | D:1      | Reached XP level 1. HP: 12/12 MP: 3/3
     0 | D:1      | 0 ||| qw: Version: 0.3-a-155-g5e7d8dd
     0 | D:1      | 0 ||| qw: Game counter: 723
     0 | D:1      | 0 ||| qw: Melee chars always use a shield: true
     0 | D:1      | 0 ||| qw: God list: Okawaru
     0 | D:1      | 0 ||| qw: Allow faded altars: false
     0 | D:1      | 0 ||| qw: Do Orc after clearing Dungeon:15 true
     0 | D:1      | 0 ||| qw: Do second Lair branch before Depths: true
     0 | D:1      | 0 ||| qw: Lair rune preference: random
     0 | D:1      | 0 ||| qw: Goals: Normal
     0 | D:1      | 0 ||| PLANNING D:1-11
   229 | D:1      | Reached skill level 6 in Ranged Weapons
   229 | D:1      | Reached XP level 2. HP: 16/16 MP: 4/4
   767 | D:1      | 767 ||| UPGRADING to +0 scale mail.
   777 | D:1      | 777 ||| DROPPING +0 leather armour.
   778 | D:1      | 778 ||| READING 4 scrolls labelled SIRUEW OMPUITO.
   779 | D:1      | 779 ||| READING scroll labelled FYKIRI PYNKO.
   779 | D:1      | 779 ||| IDENTIFYING blue potion
   780 | D:1      | 780 ||| READING scroll labelled VIEFEE ACOCH.
   784 | D:1      | 784 ||| DROPPING scroll of butterflies.
   785 | D:1      | 785 ||| DROPPING 3 scrolls of amnesia.
   926 | D:2      | HP: 2/16 [poisoned by an adder]
   927 | D:2      | Succumbed to an adder's poison

Levels and vault maps discovered:
D:1:      shiori_arrival_elements, layout_loops_corners
D:2:      kennysheep_big_flooded_room, layout_basic, basic_altar,
          kennysheep_nub, ebering_dispersal_statue_hall, reono_crystal_passage,
          uniq_terence

Skill      XL: |  1 |
---------------+----+-----
Ranged Weapons | 6 |  6.4
Fighting       | |  1.5
Dodging        | |  2.4
Stealth        | |  1.2

Action                     || total
---------------------------++-------
   Fire: Shortbow          ||    46
    Use: Scroll            ||     3
 Armour: Scale mail        ||     6
         Leather armour    ||     1
  Dodge: Dodged            ||    11

Table legend:
 A = Non-vault XP
 B = Vault XP
 C = Vault XP percentage of total XP
 D = Non-vault monster count
 E = Vault monster count
 F = Vault count percentage of total count
                 A         B        C        D         E       F
            +---------+---------+-------+---------+---------+-------
      Total |      32 |       0 |   0.0 |      23 |       0 |   0.0
            +---------+---------+-------+---------+---------+-------
        D:1 |      30 |       0 |   0.0 |      22 |       0 |   0.0
        D:2 |       2 |       0 |   0.0 |       1 |       0 |   0.0
            +---------+---------+-------+---------+---------+-------
